[Event "Team 45 45 League T59"]
[Site "Internet Chess Club"]
[Date "2013.12.08"]
[Round "3"]
[White "Bluecat"]
[Black "chessfreak2001"]
[Result "1-0"]
[WhiteElo "1977"]
[BlackElo "1690"]
[Opening "Petrov three knights game"]
[ECO "C26"]
[Time "12:01:24"]
[TimeControl "2700+45"]

1. e4 e5 2. Nc3 Nf6 3. Nf3 d6 4. d4 Nc6 5. dxe5 Nxe5 6. Nxe5 dxe5 7. Qxd8+ Kxd8
8. Bg5 Be7 9. O-O-O+ Ke8 10. Bc4 Kf8 11. f3 h6 12. Be3 a6 13. Rd3 Bd6 14. Rhd1
Ke7 15. Bb3 Re8 16. a3 Kf8 17. Na4 b6 18. Nxb6 cxb6 19. Rxd6 b5 20. Bxh6 Nxe4
21. fxe4 gxh6 22. Rxh6 Kg7 23. Rb6 Bg4 24. Rd3 a5 25. Rg3 b4 26. axb4 axb4 27.
Rxb4 Red8 28. c3 Ra1+ 29. Kc2 Rad1 30. Rxg4+ Kf8 31. Bd5 Rf1 32. Rb7 Rf2+ 33.
Kb3 Rf6 34. Rg5 Rdd6 35. Rb8+ Ke7 36. Rxe5+ Kd7 37. Rb7+ Kc8 38. Re8+ Rd8 39.
Ree7 Rdd6 40. Rbc7+ Kd8 41. Ra7 Ra6 42. Rxa6 Kxe7 43. Rxf6 Kxf6 44. c4 Ke5 45.
Bxf7 Kxe4 46. Kb4 Ke3 47. c5 Kf2 48. g4 Kg2 49. g5 Kxh2 50. g6 Kh3 51. g7 Kh2
52. g8=Q Kh3 53. c6 Kh4 54. c7 Kh3 55. c8=Q+ Kh2 56. Qe6 Kh1 57. Qh6# {Black
checkmated} 1-0

[Event "Team 45 45 League T59"]
[Site "Internet Chess Club"]
[Date "2013.12.07"]
[Round "3"]
[White "hood"]
[Black "Agarnez"]
[Result "0-1"]
[WhiteElo "1820"]
[BlackElo "1868"]
[Opening "Sicilian: O'Kelly variation"]
[ECO "B28"]
[Time "22:03:01"]
[TimeControl "2700+45"]

1. e4 c5 2. Nf3 a6 3. d4 cxd4 4. Nxd4 Nf6 5. Nc3 e5 6. Nb3 d6 7. Be2 Be6 8. Be3
b5 9. a3 Nbd7 10. f3 Be7 11. O-O O-O 12. Qd2 Nb6 13. Kh1 Nc4 14. Bxc4 bxc4 15.
Nc1 Rb8 16. Rb1 d5 17. exd5 Nxd5 18. Nxd5 Qxd5 19. Qxd5 Bxd5 20. Ne2 Be6 21. Nc3
Rb7 22. Ne4 Rfb8 23. Rfd1 Rxb2 24. Rxb2 Rxb2 25. Bc5 Bxc5 26. Nxc5 Kf8 27. Rc1
Bf5 28. g4 Rxc2 29. Rxc2 Bxc2 30. Nd7+ Ke7 31. Nxe5 c3 32. Kg2 Ke6 33. f4 Be4+
34. Kf2 c2 {White resigns} 0-1

[Event "Team 45 45 League T59"]
[Site "Internet Chess Club"]
[Date "2013.12.08"]
[Round "3"]
[White "WillC"]
[Black "DouDou"]
[Result "0-1"]
[WhiteElo "1633"]
[BlackElo "1870"]
[Opening "Réti opening"]
[ECO "A05"]
[Time "11:06:50"]
[TimeControl "2700+45"]

1. Nf3 Nf6 2. b3 g6 3. Bb2 Bg7 4. e3 d5 5. Be2 O-O 6. O-O c5 7. d4 cxd4 8. exd4
Nc6 9. Nbd2 Bf5 10. Re1 Re8 11. Nh4 Bd7 12. Nhf3 Qc7 13. c4 e6 14. Rc1 Ne4 15.
a3 Nxd2 16. Qxd2 Qd6 17. c5 Qf8 18. Rc2 Rad8 19. b4 e5 20. b5 Nxd4 21. Nxd4 exd4
22. Bd3 Rxe1+ 23. Qxe1 Re8 24. Qa1 Re6 25. Bxd4 Bxd4 26. Qxd4 Re1+ 27. Bf1 Bxb5
28. h3 Qb8 29. g3 Bxf1 30. Kh2 Qc8 31. Qh4 Qf5 32. Rb2 Qf3 33. Qd8+ Kg7 {White
resigns} 0-1

[Event "Team 45 45 League T59"]
[Site "Internet Chess Club"]
[Date "2013.12.08"]
[Round "3"]
[White "joebobpop"]
[Black "Innes"]
[Result "1-0"]
[WhiteElo "1777"]
[BlackElo "1675"]
[Opening "Ruy Lopez: Schliemann defense, Berger variation"]
[ECO "C63"]
[Time "16:01:04"]
[TimeControl "2700+45"]

1. e4 e5 2. Nf3 Nc6 3. Bb5 f5 4. Nc3 fxe4 5. Nxe4 Nf6 6. d3 d5 7. Nxe5 dxe4 8.
Nxc6 bxc6 9. Bxc6+ Bd7 10. Bxa8 Qxa8 11. O-O Bd6 12. dxe4 O-O 13. f3 Qe8 14. Re1
Nh5 15. Be3 Qg6 16. Qd5+ Kh8 17. Qg5 Qf7 18. Rad1 Bc8 19. Rd5 Nf4 20. Bxf4 Bxf4
21. Qh5 Qf6 22. Rb5 Qd4+ 23. Kh1 Qf2 24. Rd1 Qxc2 25. Qd5 Bh3 26. Rg1 c6 27. Rc5
Bxg2+ 28. Rxg2 Qxg2+ 29. Kxg2 cxd5 30. Rxd5 h6 31. b4 Rc8 32. Rc5 Rb8 33. a3 Rb7
34. h4 Kg8 35. Kh3 Kf7 36. Rf5+ Ke6 37. Rxf4 Ke5 38. Rf5+ Kd4 39. Kg4 Kc3 40. e5
Kb3 41. e6 Re7 42. Ra5 Kc4 43. Kf5 Kd4 44. h5 Ke3 45. Ke5 Kxf3 46. Kd6 Rb7 47.
e7 Rb6+ 48. Ke5 Rb8 49. Ke6 Rb6+ 50. Kf7 Rb7 51. Kf8 Rb8+ 52. e8=Q Rxe8+ 53.
Kxe8 Kg4 54. Kf7 g5 55. hxg6 {Black resigns} 1-0

[Event "Team 45 45 League T59"]
[Site "Internet Chess Club"]
[Date "2013.12.10"]
[Round "3"]
[White "SlimeDog2"]
[Black "zigzag2002"]
[Result "0-1"]
[WhiteElo "1997"]
[BlackElo "2035"]
[Opening "QGD semi-Slav: Meran, 8...a6"]
[ECO "D48"]
[Time "20:51:05"]
[TimeControl "2700+45"]

1. d4 d5 2. c4 c6 3. Nf3 Nf6 4. e3 e6 5. Nc3 Nbd7 6. Bd3 dxc4 7. Bxc4 b5 8. Bd3
a6 9. a4 b4 10. Ne4 c5 11. Nxf6+ Nxf6 12. dxc5 Bxc5 13. Qe2 Bb7 14. e4 O-O 15.
e5 Ng4 16. O-O f6 17. Bc4 Qb6 18. Bf4 a5 19. Rae1 Rac8 20. exf6 Bxf2+ 21. Rxf2
Rxc4 22. Qxc4 Qxf2+ 23. Kh1 Bd5 24. Qc7 Nxf6 25. Be3 Qxb2 26. Bc5 Qc3 27. Qxa5
Bxf3 28. Bxb4 Bxg2+ 29. Kxg2 Qc2+ 30. Kf3 Rc8 31. Qe5 Qd3+ 32. Re3 Qf1+ 33. Kg3
Qg1+ 34. Kf3 Qg4+ {White resigns} 0-1

[Event "Team 45 45 League T59"]
[Site "Internet Chess Club"]
[Date "2013.12.08"]
[Round "3"]
[White "juniorVishy"]
[Black "jt2000"]
[Result "1-0"]
[WhiteElo "1763"]
[BlackElo "1974"]
[Opening "QGD Slav: 4.Nc3"]
[ECO "D15"]
[Time "15:09:53"]
[TimeControl "2700+45"]

1. d4 d5 2. c4 c6 3. Nc3 Nf6 4. Nf3 Bf5 5. cxd5 cxd5 6. Qb3 e6 7. Qxb7 Nbd7 8.
Bf4 Be7 9. h3 O-O 10. e3 Ne4 11. Nxe4 Bxe4 12. Nd2 Bg6 13. Ba6 Qa5 14. O-O Bb4
15. Bc7 Qa4 16. a3 Bxd2 17. b3 Nc5 18. dxc5 Qd7 19. Bd6 Rfd8 20. Be7 Rab8 21. c6
Rxb7 22. cxd7 Rdxd7 23. Bxb7 Rxe7 24. Ba6 h6 25. Rfd1 Bc3 26. Ra2 Rc7 27. Bd3 f5
28. Rc2 e5 29. g4 d4 30. exd4 exd4 31. b4 Bf7 32. Re2 f4 33. Rc1 Rd7 34. Re5 a6
35. Rc5 Be6 36. Bxa6 Ra7 37. b5 Bb2 38. Rc7 Ra8 39. R1c6 Bd5 40. Rc8+ Rxc8 41.
Rxc8+ Kf7 42. b6 d3 43. Bxd3 Be5 44. Bc4 {Black resigns} 1-0

[Event "Team 45 45 League T59"]
[Site "Internet Chess Club"]
[Date "2013.12.07"]
[Round "3"]
[White "sharky123"]
[Black "ausya"]
[Result "1-0"]
[WhiteElo "1751"]
[BlackElo "1765"]
[Opening "Sicilian: Hungarian variation"]
[ECO "B34"]
[Time "18:00:40"]
[TimeControl "2700+45"]

1. e4 c5 2. Nf3 g6 3. d4 cxd4 4. Nxd4 Nc6 5. Be3 Nf6 6. Nc3 Bg7 7. Nxc6 bxc6 8.
e5 Ng8 9. f4 Nh6 10. Bd3 d5 11. Ne2 O-O 12. O-O Bf5 13. Bc5 Bxd3 14. cxd3 Qd7
15. Nd4 Rfb8 16. Qa4 Rxb2 17. Nxc6 Qg4 18. Nxe7+ Kh8 19. Rf2 Rxf2 20. Bxf2 Qe6
21. Qc6 Qxc6 22. Nxc6 a5 23. Rb1 Bf8 24. a4 Nf5 25. g4 Ne7 26. Nxe7 Bxe7 27. Rb7
Re8 28. Rd7 Kg8 29. Rxd5 Bb4 30. f5 Rc8 31. Rd7 Rc1+ 32. Kg2 Ra1 33. Rd8+ Kg7
34. f6+ Kh6 35. Be3+ g5 36. h4 {Black resigns} 1-0

[Event "Team 45 45 League T59"]
[Site "Internet Chess Club"]
[Date "2013.12.08"]
[Round "3"]
[White "anna"]
[Black "Warpdrive"]
[Result "1-0"]
[WhiteElo "1815"]
[BlackElo "1680"]
[Opening "Caro-Kann: Steinitz variation"]
[ECO "B17"]
[Time "18:01:36"]
[TimeControl "2700+45"]

1. e4 c6 2. d4 d5 3. Nc3 dxe4 4. Nxe4 Nd7 5. Nf3 Ngf6 6. Ng3 e6 7. Bd3 c5 8.
dxc5 Bxc5 9. O-O O-O 10. c4 Qc7 11. Bd2 b6 12. Ne4 Bb7 13. Nxf6+ Nxf6 14. Qe2
Bxf3 15. Qxf3 Rad8 16. Bg5 Be7 17. b3 Rxd3 18. Qxd3 Ng4 19. Qh3 Qxh2+ 20. Qxh2
Nxh2 21. Bxe7 {Black resigns} 1-0

[Event "Team 45 45 League T59"]
[Site "Internet Chess Club"]
[Date "2013.12.05"]
[Round "3"]
[White "SaltofLife"]
[Black "sonoftill"]
[Result "0-1"]
[WhiteElo "1895"]
[BlackElo "2127"]
[Opening "Queen's Indian defense"]
[ECO "A47"]
[Time "15:02:13"]
[TimeControl "2700+45"]

1. d4 Nf6 2. Nf3 b6 3. Bg5 e6 4. e4 h6 5. Bxf6 Qxf6 6. Bd3 Bb7 7. O-O g5 8. Nc3
Bg7 9. Ne2 Nc6 10. c3 O-O-O 11. Nd2 h5 12. b4 h4 13. b5 Na5 14. Nb3 h3 15. f3
Nxb3 16. axb3 hxg2 17. Rf2 Kb8 18. Ng3 Rh3 19. Rxg2 Rdh8 20. Raa2 Qh6 21. Raf2
Bf8 22. e5 f6 23. b4 fxe5 24. dxe5 Bg7 25. Qe1 Rf8 26. Be4 Bxe5 27. Bxb7 Bxg3
28. Rxg3 Rxg3+ 29. hxg3 Kxb7 30. Rh2 Qf6 31. Rf2 Kb8 32. Qe4 Qxc3 33. Kg2 Qg7
34. Rc2 Rh8 35. Qc4 d5 36. Qc6 Qh7 37. Kf2 Qh2+ 38. Ke3 Qxg3 39. Qxe6 Qf4+ 40.
Kd3 Qxf3+ 41. Qe3 Qxe3+ 42. Kxe3 Rh3+ 43. Kd4 Rh4+ 44. Kxd5 Rxb4 45. Kc6 Rd4
{White resigns} 0-1

[Event "Team 45 45 League T59"]
[Site "Internet Chess Club"]
[Date "2013.12.09"]
[Round "3"]
[White "jonesey"]
[Black "JustinL"]
[Result "1-0"]
[WhiteElo "1851"]
[BlackElo "1967"]
[Opening "KGA: Cunningham defense"]
[ECO "C35"]
[Time "15:04:39"]
[TimeControl "2700+45"]

1. e4 e5 2. f4 exf4 3. Nf3 Be7 4. Bc4 Bh4+ 5. Ke2 Bf6 6. e5 Be7 7. d4 g5 8. h4
g4 9. Nh2 h5 10. Bxf4 Bxh4 11. g3 Be7 12. Qf1 b5 13. Bd5 c6 14. Bb3 d5 15. exd6
Bf6 16. Nd2 a5 17. a3 Nh6 18. Re1 Kf8 19. Ne4 b4 20. Qf2 Ba6+ 21. Kd1 bxa3 22.
bxa3 a4 23. Ba2 Nd7 24. Bxh6+ Rxh6 25. Nxg4 Rg6 26. Ngxf6 Nxf6 27. Rxh5 Ra7 28.
Rf5 Kg7 29. d5 Rd7 30. Qd4 cxd5 31. Bxd5 Bc8 32. Nxf6 Rxf6 33. Re7 Rxd6 34.
Rxf7+ Kg6 35. Qg4+ {Black resigns} 1-0

[Event "Team 45 45 League T59"]
[Site "Internet Chess Club"]
[Date "2013.12.08"]
[Round "3"]
[White "CKNIGHT3"]
[Black "fishhead"]
[Result "1-0"]
[WhiteElo "1869"]
[BlackElo "1817"]
[Opening "Nimzo-Indian: 4.e3"]
[ECO "E40"]
[Time "12:01:08"]
[TimeControl "2700+45"]

1. d4 Nf6 2. c4 e6 3. Nc3 Bb4 4. e3 Bxc3+ 5. bxc3 c5 6. Nf3 O-O 7. Bd3 d6 8. O-O
Nc6 9. e4 e5 10. d5 Ne7 11. Qb3 Ng6 12. Rb1 h6 13. Qc2 Nh5 14. h3 b6 15. Re1 Qf6
16. Qd1 Ngf4 17. Bf1 g5 18. g3 Nxh3+ 19. Bxh3 Bxh3 20. Nxg5 Nxg3 21. Nxh3 Qh4
22. Qf3 Kh8 23. fxg3 Qxh3 24. Rb2 Rg8 25. Qf6+ Kh7 26. Re3 Rg6 27. Qxf7+ Rg7 28.
Qf1 Qxg3+ {Black resigns} 1-0

[Event "Team 45 45 League T59"]
[Site "Internet Chess Club"]
[Date "2013.12.05"]
[Round "3"]
[White "f5"]
[Black "Cryptochess"]
[Result "0-1"]
[WhiteElo "2144"]
[BlackElo "2113"]
[Opening "Pirc: Austrian attack, dragon formation"]
[ECO "B09"]
[Time "17:15:50"]
[TimeControl "2700+45"]

1. e4 d6 2. d4 Nf6 3. Nc3 g6 4. f4 Bg7 5. Nf3 c5 6. Bb5+ Bd7 7. Bxd7+ Nfxd7 8.
d5 b5 9. O-O b4 10. Ne2 O-O 11. Kh1 Nb6 12. a3 a5 13. axb4 axb4 14. Rxa8 Nxa8
15. Qd3 Qa5 16. f5 Qa6 17. Nd2 Qxd3 18. cxd3 Nb6 19. b3 N8d7 20. Nc4 Nxc4 21.
dxc4 Ra8 22. Bg5 Kf8 23. fxg6 hxg6 24. Nf4 Bf6 25. h4 Ra3 26. Rb1 Bxg5 27. hxg5
Ne5 28. Kh2 Kg7 29. Rb2 Ng4+ 30. Kg3 Ne3 31. Kh4 Nd1 32. Rb1 Nc3 33. Rb2 Nxe4
34. Re2 Nc3 35. Rxe7 Kf8 36. Nxg6+ fxg6 37. Re6 Rxb3 38. Rxg6 Ne4 39. Kg4 Rc3
40. Kf5 b3 41. Rh6 Kg7 42. Kxe4 b2 {White resigns} 0-1

[Event "Team 45 45 League T59"]
[Site "Internet Chess Club"]
[Date "2013.12.10"]
[Round "3"]
[White "The7thGuest"]
[Black "poni"]
[Result "1/2-1/2"]
[WhiteElo "1918"]
[BlackElo "1870"]
[Opening "Pirc defense"]
[ECO "B07"]
[Time "13:00:25"]
[TimeControl "2700+45"]

1. e4 d6 2. d4 Nf6 3. Nc3 Nbd7 4. f4 e5 5. dxe5 dxe5 6. fxe5 Nxe5 7. Qxd8+ Kxd8
8. Bg5 c6 9. Nf3 Bd6 10. Nd4 Kc7 11. Nf5 Bxf5 12. exf5 Rhe8 13. O-O-O Neg4 14.
Bc4 Nf2 15. Bxf7 Nxd1 16. Rxd1 Re7 17. Be6 Rd8 18. g3 h6 19. Bxf6 gxf6 20. Ne4
Be5 21. Rxd8 Kxd8 22. c3 Kc7 23. Kd2 Re8 24. Ke2 Rd8 25. Bb3 h5 26. Nc5 Rh8 27.
Nd3 Bd6 28. Kf3 h4 29. Nf2 hxg3 30. hxg3 Kd7 31. Kg2 Rh5 32. Be6+ Ke7 33. Ne4
Rh8 34. c4 Rd8 35. c5 Be5 36. b3 Rd4 37. Kf3 Rd3+ 38. Ke2 Rd4 39. Ke3 Rd1 40.
Ke2 Rg1 41. Kf3 b6 42. cxb6 axb6 43. a4 Rd1 44. g4 Rd3+ 45. Ke2 Rh3 46. g5 fxg5
47. Nxg5 Rc3 48. Ne4 Rc1 49. Bc4 Rb1 50. Kd3 Rd1+ 51. Ke2 Rd4 52. Ke3 Rd1 53.
Ke2 Rh1 54. Be6 Rh4 55. Kd3 c5 56. Bd5 Rf4 57. Kc4 Rxf5 58. Kb5 Bc7 59. Kc6 Bd8
60. Nc3 Rf6+ 61. Kb7 Rh6 62. Bc4 Rh7 63. Kc6 Rh6+ 64. Kb7 {Game drawn by mutual
agreement} 1/2-1/2

[Event "Team 45 45 League T59"]
[Site "Internet Chess Club"]
[Date "2013.12.07"]
[Round "3"]
[White "nurmi"]
[Black "Babaliyev"]
[Result "1/2-1/2"]
[WhiteElo "2061"]
[BlackElo "2011"]
[Opening "Ruy Lopez: Berlin defense"]
[ECO "C65"]
[Time "20:14:13"]
[TimeControl "2700+45"]

1. e4 e5 2. Nf3 Nc6 3. Bb5 Nf6 4. d3 Bc5 5. O-O d6 6. c3 O-O 7. b4 Bb6 8. Re1 a6
9. Bc4 h6 10. Nbd2 d5 11. exd5 Nxd5 12. Qb3 Nf4 13. Qc2 Bf5 14. Ne4 g5 15. a4
Be6 16. Bxe6 Nxe6 17. Ba3 g4 18. Nfd2 f5 19. Ng3 f4 20. Nge4 g3 21. Nf3 gxf2+
22. Nxf2 Ng5 23. Nxe5 Nxe5 24. Rxe5 Bxf2+ 25. Kxf2 f3 26. d4 fxg2+ 27. Kxg2 Qf6
28. Qe2 Qc6+ 29. d5 Qxc3 30. Bb2 Qh3+ 31. Kh1 Rf7 32. Rg1 Kf8 33. Re3 Qf5 34.
Qc4 Rd8 35. h4 Nf3 36. Rg3 Nd2 37. Qc5+ Rd6 38. Be5 Ne4 39. Bxd6+ cxd6 40. Qc4
Nxg3+ 41. Rxg3 Qf1+ 42. Qxf1 Rxf1+ 43. Kg2 Rd1 44. Rg6 Rxd5 45. Rxh6 Rd4 46. b5
Kg7 47. Re6 Rxa4 48. Rxd6 axb5 49. Rd7+ Kg6 50. Rxb7 Rb4 51. Kf3 Kh5 52. Rh7+
Kg6 53. Rb7 Kf5 54. Ke3 {Game drawn by mutual agreement} 1/2-1/2

[Event "Team 45 45 League T59"]
[Site "Internet Chess Club"]
[Date "2013.12.08"]
[Round "3"]
[White "TerryMalloy"]
[Black "yummy2"]
[Result "0-1"]
[WhiteElo "2015"]
[BlackElo "2355"]
[Opening "Evans gambit: Cordel variation"]
[ECO "C51"]
[Time "15:20:33"]
[TimeControl "2700+45"]

1. e4 e5 2. Nf3 Nc6 3. Bc4 Bc5 4. b4 Bxb4 5. c3 Be7 6. d4 Na5 7. Be2 d6 8. Qa4+
c6 9. dxe5 dxe5 10. Nxe5 Nf6 11. O-O b5 12. Qc2 O-O 13. Bf4 Be6 14. Nd2 Qb6 15.
Rab1 a6 16. Rfd1 Rac8 17. c4 Rfd8 18. h3 h6 19. Nb3 Rxd1+ 20. Rxd1 c5 21. f3 Nb7
22. a3 Bd6 23. Bh2 Rd8 24. Nd2 b4 25. Rb1 a5 26. Nd3 Bxh2+ 27. Kxh2 Rd4 28. a4
Qc7+ 29. e5 Nd7 30. f4 Nb6 31. Nb2 Rxf4 32. Nf3 f6 33. g3 Bf5 34. Qd1 Bxb1 35.
gxf4 Be4 36. Nd2 Bc6 37. Nb3 fxe5 38. Bf3 e4 39. Bg2 Qxf4+ 40. Kh1 Kh7 41. Qg1
Qe5 42. Nd3 Qe8 43. Ndxc5 Nxc5 44. Nxc5 Nxa4 45. Nb3 Qe5 46. Qe3 Nc3 47. Nc5 a4
48. Nd3 Qd6 49. Nc5 a3 50. Nb3 Qd1+ 51. Kh2 Qxb3 52. Bxe4+ Bxe4 {White resigns}
0-1

[Event "Team 45 45 League T59"]
[Site "Internet Chess Club"]
[Date "2013.12.08"]
[Round "3"]
[White "NFork"]
[Black "jorobo"]
[Result "0-1"]
[WhiteElo "2156"]
[BlackElo "2062"]
[Opening "Ruy Lopez: Anderssen variation"]
[ECO "C77"]
[Time "15:23:41"]
[TimeControl "2700+45"]

1. e4 e5 2. Nf3 Nc6 3. Bb5 a6 4. Ba4 Nf6 5. d3 b5 6. Bb3 Bc5 7. Be3 Bxe3 8. fxe3
d6 9. c3 O-O 10. Nbd2 Na5 11. Bc2 c5 12. O-O Ra7 13. d4 Re7 14. d5 Rc7 15. b3 g6
16. Qe1 Nh5 17. Nh4 Qg5 18. a4 b4 19. Ndf3 Qg4 20. c4 f5 21. Nd2 f4 22. Bd1 Qg5
23. Bxh5 Qxh5 24. exf4 exf4 25. Nhf3 Re7 26. Qh4 Qxh4 27. Nxh4 g5 28. Nhf3 h6
29. h3 Bd7 30. Rfe1 Rfe8 31. Re2 Kg7 32. Rae1 Bf5 33. Kf2 Bg6 34. g3 fxg3+ 35.
Kxg3 Bh5 36. Re3 Rf7 37. e5 Bxf3 38. e6 Bxd5 39. e7 Bc6 40. h4 Rf5 41. Re6 Rf6
42. R6e3 gxh4+ 43. Kxh4 Kf7 44. Nf1 Bd7 45. Ng3 Re6 46. Rf3+ Kxe7 47. Ref1 Kd8
48. R1f2 Re3 49. Rf6 R8e6 50. Rf8+ Kc7 51. Ra8 Kb7 52. Rd8 Kc7 53. Ra8 Bc8 54.
Rf8 Re8 55. Rf7+ R3e7 {White resigns} 0-1

[Event "Team 45 45 League T59"]
[Site "Internet Chess Club"]
[Date "2013.12.09"]
[Round "3"]
[White "f5"]
[Black "Campagnolo"]
[Result "1-0"]
[WhiteElo "2156"]
[BlackElo "2034"]
[Opening "Caro-Kann: Steinitz variation"]
[ECO "B17"]
[Time "19:00:37"]
[TimeControl "2700+45"]

1. e4 c6 2. d4 d5 3. Nc3 dxe4 4. Nxe4 Nd7 5. Bc4 Ngf6 6. Ng5 e6 7. Qe2 Nb6 8.
Bd3 h6 9. N5f3 c5 10. Bf4 a6 11. O-O-O c4 12. Bxc4 Nxc4 13. Qxc4 Nd5 14. Bd2 b5
15. Qe2 Bb7 16. Ne5 Qc7 17. Kb1 Bd6 18. Ngf3 Rc8 19. Rc1 O-O 20. Rhe1 b4 21. g4
Nc3+ 22. Bxc3 bxc3 23. b3 Qa5 24. Ka1 Ba3 25. Rb1 Rc7 26. Nd3 Rfc8 27. Nfe5 Bd5
28. Rg1 Bxb3 29. Rxb3 Bb2+ 30. Nxb2 cxb2+ 31. Rxb2 Qc3 32. Qd3 {Black resigns}
1-0

[Event "Team 45 45 League T59"]
[Site "Internet Chess Club"]
[Date "2013.12.04"]
[Round "3"]
[White "niceshot"]
[Black "MisterDoob"]
[Result "0-1"]
[WhiteElo "2025"]
[BlackElo "2310"]
[Opening "French: Steinitz, Boleslavsky variation"]
[ECO "C11"]
[Time "18:30:31"]
[TimeControl "2700+45"]

1. e4 e6 2. d4 d5 3. Nc3 Nf6 4. e5 Nfd7 5. f4 c5 6. Nf3 Nc6 7. Be3 a6 8. Qd2 b5
9. a3 Qb6 10. Ne2 Bb7 11. c3 c4 12. g3 f5 13. Bh3 Na5 14. Qc2 Qc6 15. g4 Nb3 16.
Ra2 g6 17. Ng3 O-O-O 18. Ng5 Re8 19. Nxe6 Qxe6 20. gxf5 Qf7 21. e6 Qf6 22. exd7+
Kxd7 23. fxg6+ Kc7 24. Kf2 hxg6 25. Bg4 Bh6 26. Ne2 Qh4+ 27. Kf3 Rxe3+ 28. Kxe3
Qxg4 29. Rg1 Bxf4+ 30. Nxf4 Qxg1+ {White resigns} 0-1

[Event "Team 45 45 League T59"]
[Site "Internet Chess Club"]
[Date "2013.12.09"]
[Round "3"]
[White "Matusalen"]
[Black "steadman"]
[Result "1/2-1/2"]
[WhiteElo "2192"]
[BlackElo "2159"]
[Opening "King's Indian: fianchetto, Panno variation"]
[ECO "E63"]
[Time "19:02:01"]
[TimeControl "2700+45"]

1. Nf3 Nf6 2. c4 g6 3. g3 Bg7 4. Bg2 O-O 5. d4 d6 6. O-O Nc6 7. Nc3 a6 8. b3 Rb8
9. Nd5 Nd7 10. Bb2 e6 11. Nc3 e5 12. d5 Ne7 13. a4 h6 14. Nd2 f5 15. e4 f4 16.
b4 g5 17. Nb3 Nf6 18. c5 g4 19. f3 gxf3 20. Qxf3 Ng6 21. Qd3 Ng4 22. Bc1 fxg3
23. hxg3 h5 {Game drawn by mutual agreement} 1/2-1/2

[Event "Team 45 45 League T59"]
[Site "Internet Chess Club"]
[Date "2013.12.05"]
[Round "3"]
[White "Pomberito"]
[Black "Jack-ONeill"]
[Result "1/2-1/2"]
[WhiteElo "2102"]
[BlackElo "2073"]
[Opening "Catalan: closed, 5.Nf3"]
[ECO "E06"]
[Time "16:01:19"]
[TimeControl "2700+45"]

1. d4 d5 2. Nf3 Nf6 3. c4 e6 4. g3 Be7 5. Bg2 O-O 6. Qc2 c5 7. dxc5 Qa5+ 8. Nc3
dxc4 9. O-O Qxc5 10. Be3 Qh5 11. Ne4 Nxe4 12. Qxe4 Nc6 13. Qxc4 e5 14. Qb5 Rb8
15. Rfd1 Be6 16. a3 f6 17. Rac1 Qf7 18. b4 a6 19. Qb6 Bd8 20. Qc5 Be7 21. Qc3
Rbc8 22. Qb2 Rfd8 23. Ne1 Bd5 24. Bxd5 Rxd5 25. Nd3 Rcd8 26. Re1 Bf8 27. Bb6
{Game drawn by mutual agreement} 1/2-1/2

[Event "Team 45 45 League T59"]
[Site "Internet Chess Club"]
[Date "2013.12.07"]
[Round "3"]
[White "perikitosax"]
[Black "primerpaso"]
[Result "1-0"]
[WhiteElo "1955"]
[BlackElo "1914"]
[Opening "QGD: Tarrasch, Prague variation, 9.Bg5"]
[ECO "E06"]
[Time "12:06:40"]
[TimeControl "2700+45"]

1. d4 Nf6 2. c4 e6 3. Nf3 d5 4. g3 Be7 5. Bg2 O-O 6. O-O c5 7. cxd5 exd5 8. Nc3
Nc6 9. Bg5 c4 10. Ne5 Be6 11. b3 cxb3 12. axb3 h6 13. Nxc6 bxc6 14. Be3 Qd7 15.
Na4 Bh3 16. Qc2 Rfb8 17. Rfc1 Rb5 18. Qxc6 Rxb3 19. Qxa8+ {Black resigns} 1-0

[Event "Team 45 45 League T59"]
[Site "Internet Chess Club"]
[Date "2013.12.10"]
[Round "3"]
[White "BigPun21"]
[Black "gump12345"]
[Result "1-0"]
[WhiteElo "2227"]
[BlackElo "2101"]
[Opening "Center game: Paulsen attack"]
[ECO "C22"]
[Time "22:31:20"]
[TimeControl "2700+45"]

1. e4 e5 2. d4 exd4 3. Qxd4 Nc6 4. Qe3 g6 5. Nc3 Bg7 6. Bd2 d6 7. O-O-O Nf6 8.
h4 h5 9. f3 O-O 10. Kb1 a6 11. Nge2 b5 12. Nf4 Ne5 13. Qf2 Rb8 14. b3 c6 15. Bc1
Qc7 16. Bb2 a5 17. g4 hxg4 18. h5 Bh6 19. hxg6 Bxf4 20. Ne2 g3 21. Qg2 Be3 22.
Qxg3 fxg6 23. f4 Neg4 24. Bh3 Bf2 25. Qg2 Ne3 26. Qg5 Nxd1 27. Bxf6 Rxf6 28.
Qxf6 Bxh3 29. Rxh3 Qg7 30. Qe6+ Qf7 31. Rh8+ Kxh8 32. Qxf7 {Black resigns} 1-0

[Event "Team 45 45 League T59"]
[Site "Internet Chess Club"]
[Date "2013.12.04"]
[Round "3"]
[White "xwang1"]
[Black "Emancipator"]
[Result "1-0"]
[WhiteElo "2130"]
[BlackElo "2297"]
[Opening "Sicilian defense"]
[ECO "B33"]
[Time "22:06:58"]
[TimeControl "2700+45"]

1. e4 c5 2. Nf3 Nc6 3. d4 cxd4 4. Nxd4 Nf6 5. Nc3 g6 6. Nxc6 dxc6 7. Qxd8+ Kxd8
8. Bc4 Ke8 9. a4 e5 10. O-O Bc5 11. Bg5 Nd7 12. Rad1 f6 13. Bh6 Bf8 14. Bc1 Bc5
15. Kh1 g5 16. Ne2 Nf8 17. Ng3 Be6 18. Bxe6 Nxe6 19. Nf5 Rd8 20. c3 Kf7 21. f3
h5 22. b4 Be7 23. Be3 b6 24. g3 c5 25. b5 c4 26. Kg2 Bc5 27. Kf2 Ba3 28. a5 bxa5
29. Bxa7 Bc5+ 30. Bxc5 Nxc5 31. Nd6+ Ke7 32. Nxc4 Rb8 33. Rb1 a4 34. Na5 Ke6 35.
Rfd1 a3 36. Nc6 a2 37. Ra1 Rxb5 38. Rxa2 Nd7 39. Ra7 Rc8 40. Rdxd7 Rb2+ 41. Ke3
Rxc6 42. Re7+ Kd6 43. Rad7+ Kc5 44. Rd2 Rb3 45. Rh7 Rxc3+ 46. Kf2 g4 47. fxg4
hxg4 48. Rg7 f5 49. exf5 e4 50. Re2 Rf3+ 51. Kg2 Kd4 52. Rxg4 Re3 53. Rf2 Ke5
54. Rg6 Rf6 55. g4 Ra3 56. Rxf6 Kxf6 57. h4 e3 58. Re2 Ke5 59. Kf3 Kd4 60. f6
Ra6 61. g5 Ke5 62. Rxe3+ Kf5 63. f7 {Black resigns} 1-0

[Event "Team 45 45 League T59"]
[Site "Internet Chess Club"]
[Date "2013.12.09"]
[Round "3"]
[White "Epcot"]
[Black "Happybear"]
[Result "0-1"]
[WhiteElo "2076"]
[BlackElo "1896"]
[Opening "Queen's gambit declined"]
[ECO "D30"]
[Time "10:37:55"]
[TimeControl "2700+45"]

1. d4 d5 2. c4 e6 3. Nf3 Nf6 4. g3 Bd6 5. Bg2 c6 6. O-O O-O 7. b3 Ne4 8. Qc2 f5
9. Nc3 a5 10. c5 Bc7 11. Bf4 Bxf4 12. gxf4 Rf6 13. a3 Bd7 14. b4 axb4 15. axb4
Na6 16. Ne5 Be8 17. Qb2 Nc7 18. Na4 Rh6 19. Nc3 Qh4 20. h3 Rxa1 21. Qxa1 Nxc3
22. Qxc3 Qxf4 23. e3 Qg5 24. Qa1 Qe7 25. Qa7 Nb5 26. Qb8 Rf6 27. Ra1 Rf8 28. Qa8
Bh5 29. Qa5 f4 30. Qb6 Qg5 31. exf4 Qxf4 32. Ra2 Nc3 33. Rc2 Qxd4 34. Nd7 Qd1+
35. Kh2 Qxc2 36. Nxf8 Kxf8 37. Qxb7 Be8 38. Qb8 Qxf2 39. Qd6+ Kf7 40. Qc7+ Kg6
41. Qe5 Qf6 42. Qg3+ Kf7 43. Qc7+ Kf8 44. Qd6+ Kg8 45. Qb8 Qf7 46. Qe5 Nb5 47.
Kg1 Qf6 48. Qb8 Kf8 49. Bf1 Qd4+ 50. Kh2 Qe4 51. Bxb5 cxb5 52. Qd6+ Kf7 53. c6
Qc2+ 54. Kg3 Qxc6 55. Qf4+ Kg8 56. Qb8 h6 57. h4 Kh7 58. h5 Qc3+ 59. Kf4 Qxb4+
60. Ke5 Qe4+ 61. Kd6 Qf4+ 62. Ke7 Qxb8 63. Kf8 Bxh5+ 64. Ke7 e5 65. Ke6 e4 66.
Kf5 e3 67. Ke6 e2 68. Kf5 Bg6+ 69. Kg4 e1=Q {White resigns} 0-1

[Event "Team 45 45 League T59"]
[Site "Internet Chess Club"]
[Date "2013.12.07"]
[Round "3"]
[White "charles-allen"]
[Black "SlimeDog2"]
[Result "0-1"]
[WhiteElo "1889"]
[BlackElo "2013"]
[Opening "Four knights: Scotch, 4...exd4"]
[ECO "C47"]
[Time "14:07:22"]
[TimeControl "2700+45"]

1. e4 e5 2. Nc3 Nf6 3. Nf3 Nc6 4. d4 exd4 5. Nxd4 Bb4 6. Nxc6 bxc6 7. Qd4 Qe7 8.
f3 d5 9. Bg5 c5 10. Bb5+ Kf8 11. Qd3 dxe4 12. fxe4 Bxc3+ 13. bxc3 Bb7 14. Bxf6
gxf6 15. O-O Bxe4 16. Qe3 f5 17. Qh6+ Kg8 18. Rae1 Qd6 19. Qxd6 cxd6 20. Bd3 Kg7
21. Bxe4 fxe4 22. Rxe4 Rhe8 23. Rg4+ Kf8 24. Rgf4 Re7 25. a4 Rb8 26. g3 Rb2 27.
R1f2 Ra2 28. Kg2 d5 29. Rh4 Kg7 30. Rg4+ Kh8 31. Rgf4 a5 32. Kh3 Kg7 33. Rg4+
Kf8 34. Rh4 Ra3 35. Rxh7 Rxa4 36. Rh8+ Kg7 37. Ra8 Rd7 38. Ra6 Ra3 39. Rf3 d4
40. Kg4 dxc3 41. h4 Re7 42. Kf5 Re2 43. Kg5 Ra4 44. Rf4 Rxf4 45. gxf4 Rxc2 46.
Rxa5 Rd2 47. Rxc5 c2 48. h5 Rd5+ 49. Rxd5 c1=Q 50. h6+ Kh7 {White resigns} 0-1